Map: [ESL] Ancient Cistern

Players

GuMiho - Winner!

  • Race: Terran Terran
  • Spawn Location: 1:00

Has

  • Race: Protoss Protoss
  • Spawn Location: 7:00

Event: ESL SC2 Masters 2023 Summer (Finals)

VOD

Have the link to the VOD?

Description

Time

  • Played on: June 16, 2023, 12:48 p.m.
  • Length: 5:15

All games in this series

Show
View Real Time Build Order
Export as new Build Order

GuMiho Terran - Winner!

Build Orders:  

Get SALT Encoding   

  12  0:00  SCV  
  13  0:12  SCV  
  14  0:16  Supply Depot  
  14  0:24  SCV  
  15  0:38  SCV  
  15  0:40  Barracks  
  16  0:43  Refinery  
  16  0:50  SCV  
  16  0:52  Refinery  
  17  1:02  SCV  
  18  1:14  SCV  
  19  1:26  Reaper  
  19  1:27  Orbital Command  
  19  1:28  Supply Depot  
  20  1:40  Factory  
  20  1:52  SCV  
  21  1:59  Reaper  
  22  2:05  SCV  
  23  2:15  Command Center  
  23  2:17  SCV  
  24  2:23  Hellion  
  27  2:30  SCV  
  27  2:32  Supply Depot  
  27  2:33  Barracks Reactor  
  27  2:42  SCV  
  28  2:45  Widow Mine  
  30  2:52  Starport  
  30  2:54  SCV  
  31  3:06  Widow Mine, SCV  
  31  3:10  Marine x2  
  36  3:18  SCV  
  37  3:28  Medivac  
  37  3:29  Widow Mine  
  41  3:34  Marine  
  41  3:35  Marine, SCV  
  41  3:36  Orbital Command  
  43  3:42  Supply Depot  
  43  3:48  SCV  
  44  3:51  Barracks, Factory Tech Lab  
  44  3:52  Marine x2  
  46  3:58  Starport Tech Lab  
  46  4:00  SCV  
  46  4:01  SCV  
  48  4:07  Supply Depot  
  48  4:10  Siege Tank  
  48  4:11  Marine  
  48  4:12  Marine  
  48  4:16  SCV  
  54  4:17  SCV  
  54  4:24  Raven  
  56  4:28  Bunker  
  56  4:29  SCV x2  
  56  4:30  Marine  
  56  4:31  Marine  
  58  4:42  SCV x2  
  60  4:48  Marine x2  
  60  4:50  Bunker  
  60  4:51  Marine  
  66  4:54  SCV x2  
  66  4:58  Supply Depot  
  68  5:01  Supply Depot  
Show
View Real Time Build Order
Export as new Build Order

Has Protoss 

Build Orders: 1 Gate Expand, Blink Stalkers 

Get SALT Encoding   

  12  0:04  Probe  
  13  0:16  Probe  
  13  0:18  Pylon  
  14  0:28  Probe (Chrono Boost)  
  15  0:36  Gateway  
  15  0:40  Probe (Chrono Boost)  
  15  0:42  Assimilator  
  16  0:48  Probe (Chrono Boost)  
  17  0:55  Probe  
  18  1:07  Probe  
  19  1:19  Probe  
  19  1:24  Cybernetics Core  
  20  1:34  Nexus  
  20  1:41  Pylon  
  20  1:47  Assimilator  
  20  1:49  Probe  
  21  2:00  Stalker (Chrono Boost)  
  22  2:03  Warp Gate  
  22  2:05  Probe  
  24  2:17  Probe  
  24  2:19  Twilight Council  
  25  2:29  Stalker  
  27  2:30  Probe  
  28  2:43  Probe  
  29  2:47  Probe  
  29  2:50  Blink (Chrono Boost)  
  30  2:55  Probe  
  30  2:59  Probe  
  30  3:03  Gateway  
  31  3:07  Probe  
  32  3:15  Robotics Facility  
  32  3:17  Probe  
  29  3:40  Probe x2, Gateway  
  30  3:42  Gateway  
  30  3:53  Stalker  
  32  3:58  Stalker  
  34  4:04  Warp Prism (Chrono Boost)  
  34  4:09  Probe  
  37  4:18  Stalker  
  37  4:24  Stalker  
  41  4:30  Probe, Pylon  
  37  4:52  Stalker x2  
  41  4:57  Stalker  
Tags
 
Add a new tag
Caveats
  • Supply blocks, unpowered buildings, or Contaminate may cause inaccurate times.
  • Supply counts are checked every 10 seconds.